General information
- name: BNet
- type: Ladder team game (AT/RT)
- host: Battle.net
- saver: ELIANHERERRA
map: Mur'gulOasis
- players: 8
- length: 93:53
- speed: Fast
- version: 1.26 W3XP
- replay type: Public
» download(411 KB)
Players
team 1 (loser)
cykerway (
yellow | 71 APM | 6629 actions | 93:49)
7 Archmage
3 Summon Water Elemental
3 Brilliance Aura
1 Mass Teleport
7 Mountain King
3 Storm Bolt
3 Bash
1 Avatar
1 Dark Ranger
1 Black Arrow
» actions
| Assign group hotkey | 74 | |
| Basic commands | 91 | |
| Build / train | 128 | |
| ESC pressed | 5 | |
| Enter build submenu | 61 | |
| Enter hero's abilities submenu | 15 | |
| Give item / drop item | 8 | |
| Remove unit from queue | 2 | |
| Right click | 2519 | |
| Select / deselect | 1384 | |
| Select group hotkey | 1943 | |
| Use ability | 398 | |
6629 total
» units
| Peasant | 13 | |
| Footman | 5 | |
| Sorceress | 4 | |
| Flying Machine | 6 | |
| Priest | 4 | |
| Dragonhawk Rider | 5 | |
| Knight | 5 | |
| Gryphon Rider | 12 | |
| Rifleman | 1 | |
| Dryad | 4 | |
| Wisp | 12 | |
| Chimaera | 3 | |
74 total
» upgrades
| Masonry | 1 | |
| Lumber Harvesting | 2 | |
| Gunpowder | 1 | |
| Sorceress Training | 1 | |
| Armor | 3 | |
| Priest Training | 2 | |
| Animal War Training | 1 | |
| Magic Sentry | 1 | |
| Storm Hammers | 1 | |
| Cloud | 1 | |
| Swords | 1 | |
| Corrosive Breath | 1 | |
16 total
» buildings
| Barracks | 1 | |
| Altar of Kings | 4 | |
| Farm | 16 | |
| Lumber Mill | 1 | |
| Arcane Vault | 1 | |
| Scout Tower | 10 | |
| Arcane Tower | 1 | |
| Keep | 2 | |
| Guard Tower | 6 | |
| Blacksmith | 1 | |
| Arcane Sanctum | 1 | |
| Workshop | 4 | |
| Gryphon Aviary | 1 | |
| Castle | 2 | |
| Town Hall | 3 | |
| Ancient Protector | 2 | |
| Ancient of Wind | 1 | |
| Chimaera Roost | 2 | |
| Moon Well | 3 | |
62 total
» build order
00:20 Barracks
00:34 Altar of Kings
00:49 Farm
01:04 Farm
01:51 Lumber Mill
01:54 Arcane Vault
02:23 Scout Tower
02:54 Arcane Tower
03:28 Keep
03:28 Keep
04:16 Farm
04:37 Scout Tower
04:41 Scout Tower
04:44 Scout Tower
05:07 Guard Tower
05:11 Guard Tower
05:35 Blacksmith
05:55 Farm
05:59 Arcane Sanctum
06:30 Workshop
06:54 Farm
07:19 Workshop
07:25 Gryphon Aviary
08:05 Farm
09:56 Castle
09:56 Castle
10:19 Farm
11:06 Farm
12:04 Farm
12:45 Farm
17:08 Farm
50:04 Town Hall
52:54 Town Hall
54:32 Town Hall
58:40 Scout Tower
58:42 Scout Tower
59:12 Scout Tower
59:13 Guard Tower
59:57 Farm
60:38 Guard Tower
60:40 Scout Tower
60:43 Scout Tower
61:15 Guard Tower
61:18 Scout Tower
62:02 Guard Tower
62:39 Workshop
62:43 Workshop
63:02 Farm
63:03 Farm
70:50 Farm
71:20 Altar of Kings
73:41 Altar of Kings
76:59 Farm
81:45 Ancient Protector
83:48 Ancient of Wind
84:23 Ancient Protector
85:16 Altar of Kings
86:40 Chimaera Roost
86:41 Chimaera Roost
86:57 Moon Well
87:04 Moon Well
87:41 Moon Well
» items
| Lesser Clarity Potion | 1 | |
| Scroll of Regeneration | 2 | |
| Boots of Speed | 1 | |
| Potion of Lesser Invulnerability | 1 | |
| Scroll of Healing | 1 | |
| Scroll of Town Portal | 1 | |
7 total

»
Major-Johnson (
teal | 28 APM | 2202 actions | 79:41)
9 Mountain King
3 Storm Bolt
3 Bash
1 Avatar
2 Thunder Clap
9 Paladin
3 Holy Light
2 Divine Shield
1 Resurrection
3 Devotion Aura
» actions
| Assign group hotkey | 24 | |
| Basic commands | 17 | |
| Build / train | 107 | |
| Enter build submenu | 36 | |
| Enter hero's abilities submenu | 18 | |
| Give item / drop item | 6 | |
| Remove unit from queue | 5 | |
| Right click | 934 | |
| Select / deselect | 429 | |
| Select group hotkey | 399 | |
| Use ability | 227 | |
2202 total
» units
| Peasant | 13 | |
| Rifleman | 9 | |
| Flying Machine | 1 | |
| Siege Engine | 1 | |
| Gryphon Rider | 9 | |
| Knight | 1 | |
| Dryad | 2 | |
| Mountain Giant | 6 | |
| Wisp | 2 | |
44 total
» upgrades
| Masonry | 3 | |
| Gunpowder | 3 | |
| Armor | 2 | |
| Long Rifles | 1 | |
| Swords | 2 | |
| Animal War Training | 1 | |
| Storm Hammers | 1 | |
| Plating | 1 | |
14 total
» buildings
| Farm | 11 | |
| Altar of Kings | 1 | |
| Barracks | 1 | |
| Blacksmith | 1 | |
| Scout Tower | 6 | |
| Lumber Mill | 2 | |
| Arcane Tower | 1 | |
| Arcane Vault | 1 | |
| Guard Tower | 3 | |
| Keep | 1 | |
| Castle | 1 | |
| Workshop | 2 | |
| Gryphon Aviary | 3 | |
| Town Hall | 3 | |
| Tree of Ages | 2 | |
| Ancient of Lore | 1 | |
40 total
» build order
00:51 Farm
01:00 Altar of Kings
01:08 Barracks
01:27 Blacksmith
01:33 Scout Tower
01:53 Lumber Mill
02:05 Arcane Tower
02:19 Farm
02:52 Farm
03:01 Arcane Vault
03:21 Scout Tower
03:38 Farm
04:25 Guard Tower
05:01 Farm
06:24 Keep
07:24 Farm
09:17 Farm
10:10 Castle
10:14 Workshop
11:21 Workshop
14:53 Gryphon Aviary
14:56 Gryphon Aviary
14:59 Gryphon Aviary
15:22 Town Hall
16:03 Farm
16:08 Farm
29:21 Scout Tower
29:54 Guard Tower
47:45 Town Hall
58:28 Farm
59:13 Farm
61:26 Scout Tower
61:32 Scout Tower
62:21 Lumber Mill
62:26 Scout Tower
63:12 Town Hall
65:15 Guard Tower
77:23 Tree of Ages
77:27 Tree of Ages
77:32 Ancient of Lore
» items
| Dust of Appearance | 5 | |
| Scroll of Protection | 2 | |
| Scroll of Healing | 2 | |
| Periapt of Vitality | 1 | |
| Scroll of Regeneration | 4 | |
| Potion of Healing | 1 | |
| Lesser Clarity Potion | 3 | |
| Orb of Fire | 1 | |
19 total
Dblbarrels (
pink | 33 APM | 2447 actions | 73:19)
4 Priestess of the Moon
2 Searing Arrows
1 Trueshot Aura
1 Scout
3 Keeper of the Grove
2 Force of Nature
1 Thorns Aura
» actions
| Assign group hotkey | 12 | |
| Basic commands | 276 | |
| Build / train | 169 | |
| Enter build submenu | 57 | |
| Enter hero's abilities submenu | 8 | |
| Give item / drop item | 4 | |
| Remove unit from queue | 10 | |
| Right click | 399 | |
| Select / deselect | 845 | |
| Select group hotkey | 501 | |
| Use ability | 166 | |
2447 total
» units
| Wisp | 99 | |
| Mountain Giant | 9 | |
| Dryad | 3 | |
111 total
» upgrades
| Strength of the Wild | 4 | |
| Reinforced Hides | 3 | |
| Ultravision | 1 | |
| Druid of the Claw Training | 2 | |
| Hardened Skin | 1 | |
| Resistant Skin | 1 | |
| Abolish Magic | 1 | |
| Mark of the Claw | 1 | |
| Well Spring | 1 | |
| Nature's Blessing | 1 | |
16 total
» buildings
| Moon Well | 6 | |
| Altar of Elders | 1 | |
| Ancient of Wonders | 4 | |
| Hunter's Hall | 1 | |
| Ancient of War | 2 | |
| Tree of Ages | 2 | |
| Ancient Protector | 30 | |
| Ancient of Lore | 3 | |
| Tree of Eternity | 1 | |
| Tree of Life | 7 | |
57 total
» build order
00:31 Moon Well
00:38 Altar of Elders
00:53 Ancient of Wonders
02:09 Hunter's Hall
04:15 Moon Well
04:57 Ancient of War
05:24 Ancient of War
09:41 Tree of Ages
09:49 Ancient Protector
09:58 Ancient Protector
10:07 Ancient Protector
10:20 Ancient Protector
10:30 Ancient Protector
11:24 Ancient Protector
11:27 Ancient Protector
11:35 Ancient Protector
12:02 Ancient Protector
12:37 Ancient Protector
12:52 Ancient Protector
13:11 Ancient Protector
13:53 Ancient Protector
14:56 Tree of Ages
16:57 Moon Well
17:25 Ancient of Lore
17:30 Ancient of Lore
17:38 Ancient of Lore
18:03 Moon Well
18:06 Tree of Eternity
19:01 Moon Well
19:05 Moon Well
20:07 Tree of Life
27:39 Tree of Life
36:18 Tree of Life
47:18 Ancient of Wonders
47:30 Ancient of Wonders
47:59 Tree of Life
50:08 Ancient Protector
50:16 Ancient Protector
50:20 Ancient Protector
51:04 Tree of Life
51:46 Ancient Protector
59:14 Ancient Protector
59:17 Ancient Protector
59:21 Ancient Protector
59:24 Ancient Protector
59:28 Ancient Protector
61:24 Tree of Life
70:07 Ancient of Wonders
71:53 Tree of Life
71:58 Ancient Protector
72:00 Ancient Protector
72:04 Ancient Protector
72:08 Ancient Protector
72:12 Ancient Protector
72:29 Ancient Protector
73:07 Ancient Protector
73:12 Ancient Protector
» items
| Dust of Appearance | 8 | |
| Lesser Clarity Potion | 2 | |
| Potion of Healing | 5 | |
| Orb of Venom | 2 | |
| Scroll of Town Portal | 4 | |
| Orb of Fire | 2 | |
23 total

»
ff7 (
purple | 45 APM | 680 actions | 14:59)
3 Demon Hunter
2 Mana Burn
1 Evasion
1 Keeper of the Grove
1 Entangling Roots
» actions
| Assign group hotkey | 6 | |
| Basic commands | 63 | |
| Build / train | 55 | |
| Enter build submenu | 26 | |
| Enter hero's abilities submenu | 4 | |
| Remove unit from queue | 6 | |
| Right click | 238 | |
| Select / deselect | 225 | |
| Select group hotkey | 18 | |
| Use ability | 39 | |
680 total
» units
| Wisp | 21 | |
| Archer | 4 | |
| Huntress | 3 | |
| Druid of the Claw | 2 | |
| Dryad | 5 | |
35 total
» upgrades
| Strength of the Wild | 2 | |
| Druid of the Claw Training | 1 | |
| Abolish Magic | 1 | |
4 total
» buildings
| Altar of Elders | 1 | |
| Moon Well | 6 | |
| Ancient of War | 1 | |
| Ancient of Wonders | 1 | |
| Hunter's Hall | 1 | |
| Tree of Ages | 1 | |
| Ancient Protector | 4 | |
| Ancient of Lore | 4 | |
| Tree of Eternity | 1 | |
20 total
» build order
00:10 Altar of Elders
00:19 Moon Well
00:24 Moon Well
00:51 Ancient of War
01:30 Moon Well
01:41 Ancient of Wonders
03:22 Hunter's Hall
03:51 Tree of Ages
04:33 Ancient Protector
05:39 Ancient Protector
05:51 Moon Well
06:57 Ancient of Lore
08:14 Ancient of Lore
09:05 Ancient of Lore
09:56 Ancient Protector
10:13 Ancient of Lore
10:59 Moon Well
12:37 Tree of Eternity
12:54 Moon Well
13:47 Ancient Protector
» items
| Moonstone | 1 | |
| Dust of Appearance | 1 | |
2 total
team 2 (winner)
MOOGULTHESWAI (
red | 30 APM | 2780 actions | 93:50)
10 Blademaster
3 Wind Walk
3 Critical Strike
1 Bladestorm
3 Mirror Image
5 Pit Lord
3 Rain of Fire
2 Cleaving Attack
» actions
| Assign group hotkey | 87 | |
| Basic commands | 36 | |
| Build / train | 106 | |
| Enter build submenu | 31 | |
| Enter hero's abilities submenu | 15 | |
| Give item / drop item | 14 | |
| Remove unit from queue | 3 | |
| Right click | 1371 | |
| Select / deselect | 594 | |
| Select group hotkey | 236 | |
| Use ability | 287 | |
2780 total
» units
| Peon | 12 | |
| Troll Witch Doctor | 7 | |
| Tauren | 10 | |
| Spirit Walker | 2 | |
| Shaman | 2 | |
| Makrura Deepseer | 1 | |
34 total
» upgrades
| Armor | 3 | |
| Melee Weapons | 3 | |
| Witch Doctor Training | 2 | |
| Pulverize | 1 | |
| Spirit Walker Training | 2 | |
| Reinforced Defenses | 1 | |
| Pillage | 1 | |
| Backpack | 1 | |
| Shaman Training | 2 | |
| Ranged Weapons | 3 | |
| Spiked Barricades | 3 | |
| War Drums Damage Increase | 1 | |
| Liquid Fire | 1 | |
| Envenomed Spears | 1 | |
| Ensnare | 1 | |
| Troll Regeneration | 1 | |
| Berserker Upgrade | 1 | |
| Berserker Strength | 1 | |
| Burning Oil | 1 | |
30 total
» buildings
| Orc Burrow | 8 | |
| Altar of Storms | 1 | |
| War Mill | 1 | |
| Watch Tower | 22 | |
| Stronghold | 1 | |
| Voodoo Lounge | 1 | |
| Fortress | 1 | |
| Spirit Lodge | 2 | |
| Tauren Totem | 2 | |
| Great Hall | 1 | |
| Barracks | 1 | |
| Beastiary | 1 | |
42 total
» build order
00:09 Orc Burrow
00:14 Altar of Storms
00:51 War Mill
02:05 Watch Tower
02:07 Watch Tower
02:52 Watch Tower
03:36 Watch Tower
03:38 Watch Tower
03:39 Stronghold
04:11 Watch Tower
04:28 Voodoo Lounge
04:33 Orc Burrow
04:44 Orc Burrow
05:43 Watch Tower
06:46 Fortress
06:50 Spirit Lodge
07:04 Orc Burrow
07:52 Orc Burrow
09:21 Tauren Totem
09:22 Tauren Totem
11:14 Orc Burrow
18:58 Watch Tower
18:59 Watch Tower
19:03 Watch Tower
19:04 Watch Tower
19:05 Watch Tower
19:06 Watch Tower
20:47 Great Hall
20:51 Watch Tower
20:52 Watch Tower
20:53 Watch Tower
22:14 Orc Burrow
22:16 Orc Burrow
25:40 Spirit Lodge
34:04 Watch Tower
34:05 Watch Tower
34:05 Watch Tower
34:06 Watch Tower
34:07 Watch Tower
34:07 Watch Tower
36:35 Barracks
36:37 Beastiary
» items
| Healing Salve | 5 | |
| Lesser Clarity Potion | 1 | |
| Potion of Healing | 2 | |
| Potion of Mana | 1 | |
| Orb of Lightning | 3 | |
| Scroll of Town Portal | 2 | |
| Staff of Teleportation | 2 | |
| Boots of Speed | 1 | |
| Periapt of Vitality | 1 | |
| Circlet of Nobility | 2 | |
20 total
ELIANHERERRA (
orange | 58 APM | 5433 actions | 93:53)
10 Blademaster
3 Wind Walk
3 Critical Strike
1 Bladestorm
3 Mirror Image
3 Pit Lord
2 Rain of Fire
1 Howl of Terror
» actions
| Assign group hotkey | 17 | |
| Basic commands | 20 | |
| Build / train | 88 | |
| ESC pressed | 1 | |
| Enter build submenu | 39 | |
| Enter hero's abilities submenu | 14 | |
| Give item / drop item | 14 | |
| Remove unit from queue | 3 | |
| Right click | 3745 | |
| Select / deselect | 737 | |
| Select group hotkey | 198 | |
| Use ability | 556 | |
5433 total
» units
| Peon | 10 | |
| Troll Batrider | 20 | |
| Flying Machine | 3 | |
33 total
» upgrades
| Ranged Weapons | 3 | |
| Armor | 3 | |
| Liquid Fire | 1 | |
| Reinforced Defenses | 1 | |
| Spiked Barricades | 1 | |
| Pillage | 1 | |
10 total
» buildings
| Altar of Storms | 1 | |
| Orc Burrow | 4 | |
| War Mill | 1 | |
| Voodoo Lounge | 6 | |
| Stronghold | 1 | |
| Watch Tower | 26 | |
| Fortress | 1 | |
| Beastiary | 2 | |
| Great Hall | 2 | |
44 total
» build order
00:11 Altar of Storms
00:16 Orc Burrow
00:50 War Mill
01:09 Voodoo Lounge
03:27 Stronghold
03:28 Watch Tower
03:28 Watch Tower
03:29 Watch Tower
04:46 Watch Tower
04:46 Watch Tower
05:00 Watch Tower
06:17 Orc Burrow
06:18 Orc Burrow
06:20 Fortress
07:36 Watch Tower
07:37 Watch Tower
08:29 Beastiary
08:32 Beastiary
14:35 Orc Burrow
20:42 Watch Tower
20:42 Watch Tower
20:43 Watch Tower
20:44 Watch Tower
20:45 Watch Tower
24:42 Voodoo Lounge
24:43 Voodoo Lounge
24:43 Voodoo Lounge
24:45 Voodoo Lounge
24:45 Voodoo Lounge
32:40 Great Hall
33:30 Watch Tower
33:31 Watch Tower
33:32 Watch Tower
33:34 Great Hall
33:37 Watch Tower
37:53 Watch Tower
37:53 Watch Tower
37:54 Watch Tower
37:54 Watch Tower
37:54 Watch Tower
37:56 Watch Tower
37:57 Watch Tower
37:58 Watch Tower
37:59 Watch Tower
» items
| Healing Salve | 6 | |
| Lesser Clarity Potion | 2 | |
| Scroll of Speed | 1 | |
| Circlet of Nobility | 7 | |
| Boots of Speed | 2 | |
| Staff of Teleportation | 2 | |
| Orb of Lightning | 4 | |
| Scroll of Town Portal | 1 | |
25 total
TheWendol (
green | 10 APM | 900 actions | 93:50)
6 Demon Hunter
2 Evasion
3 Immolation
1 Metamorphosis
» actions
| Basic commands | 286 | |
| Build / train | 102 | |
| Enter build submenu | 38 | |
| Enter hero's abilities submenu | 6 | |
| Give item / drop item | 3 | |
| Remove unit from queue | 1 | |
| Right click | 15 | |
| Select / deselect | 334 | |
| Use ability | 115 | |
900 total
» units
| Wisp | 31 | |
| Archer | 30 | |
| Huntress | 9 | |
| Hippogryph | 8 | |
78 total
» upgrades
| Strength of the Moon | 2 | |
| Moon Armor | 2 | |
| Reinforced Hides | 1 | |
| Strength of the Wild | 1 | |
6 total
» buildings
| Altar of Elders | 1 | |
| Moon Well | 6 | |
| Ancient of War | 3 | |
| Ancient of Wonders | 1 | |
| Hunter's Hall | 1 | |
| Ancient Protector | 21 | |
| Tree of Ages | 1 | |
| Ancient of Wind | 1 | |
| Tree of Life | 1 | |
| Scout Tower | 1 | |
37 total
» build order
00:05 Altar of Elders
00:09 Moon Well
00:51 Ancient of War
01:11 Ancient of Wonders
01:48 Moon Well
02:17 Ancient of War
03:03 Hunter's Hall
03:55 Ancient of War
04:13 Moon Well
05:44 Ancient Protector
06:11 Ancient Protector
08:58 Ancient Protector
09:09 Tree of Ages
09:14 Moon Well
10:41 Moon Well
11:42 Moon Well
15:16 Ancient of Wind
17:52 Tree of Life
18:31 Ancient Protector
18:43 Ancient Protector
24:24 Ancient Protector
26:05 Ancient Protector
26:10 Ancient Protector
26:15 Ancient Protector
29:11 Ancient Protector
29:16 Ancient Protector
29:23 Ancient Protector
31:55 Ancient Protector
32:05 Ancient Protector
32:22 Ancient Protector
32:43 Ancient Protector
32:52 Ancient Protector
32:59 Ancient Protector
33:06 Ancient Protector
33:22 Ancient Protector
33:28 Ancient Protector
77:18 Scout Tower
» items
| Dust of Appearance | 1 | |
| Scroll of Town Portal | 4 | |
| Potion of Lesser Invulnerability | 1 | |
| Potion of Healing | 2 | |
8 total
WNxKhager (
blue | 31 APM | 915 actions | 29:54)
5 Paladin
3 Holy Light
2 Devotion Aura
4 Dark Ranger
2 Silence
2 Life Drain
» actions
| Assign group hotkey | 9 | |
| Basic commands | 96 | |
| Build / train | 117 | |
| ESC pressed | 3 | |
| Enter build submenu | 16 | |
| Enter hero's abilities submenu | 9 | |
| Remove unit from queue | 7 | |
| Right click | 152 | |
| Select / deselect | 303 | |
| Select group hotkey | 143 | |
| Use ability | 58 | |
915 total
» units
| Peasant | 6 | |
| Footman | 19 | |
| Spell Breaker | 32 | |
| Flying Machine | 27 | |
84 total
» upgrades
| Defend | 1 | |
| Lumber Harvesting | 1 | |
| Swords | 1 | |
| Plating | 1 | |
| Gunpowder | 3 | |
| Flak Cannons | 2 | |
| Flying Machine Bombs | 1 | |
10 total
» buildings
| Altar of Kings | 1 | |
| Barracks | 1 | |
| Farm | 11 | |
| Lumber Mill | 1 | |
| Keep | 1 | |
| Arcane Sanctum | 1 | |
| Arcane Vault | 1 | |
| Blacksmith | 1 | |
| Castle | 1 | |
| Workshop | 2 | |
21 total
» build order
00:07 Altar of Kings
00:16 Barracks
00:20 Farm
01:17 Farm
02:00 Farm
02:04 Farm
03:04 Lumber Mill
04:14 Keep
09:10 Arcane Sanctum
09:15 Arcane Vault
10:12 Farm
10:13 Farm
10:14 Farm
11:10 Farm
11:14 Farm
11:15 Farm
11:16 Farm
13:27 Blacksmith
13:39 Castle
16:04 Workshop
17:06 Workshop
» items
Chat log
(00:28 / Allies) MOOGULTHESWAI: MAKE LOTS OF TOWERS :D
(00:31 / Allies) ELIANHERERRA: D:
(00:44 / Allies) WNxKhager: scout
(05:06 / Allies) WNxKhager: need help
(05:10 / Allies) WNxKhager: green
(05:49 / Allies) TheWendol: thax BLU
(05:53 / Allies) WNxKhager: np
(08:32 / Allies) WNxKhager: im oput
(08:51 / Allies) TheWendol: he has no troop makers orange and red, finish him
(09:59 / Allies) TheWendol: purp was on life support guys
(10:13 / Allies) MOOGULTHESWAI: GOIN IN
(11:23 / Allies) TheWendol: you almost ready to hit purp one last time
(11:36 / Allies) WNxKhager: sure just getting breakers
(15:43 / Allies) WNxKhager: that was easy
(19:06 / Allies) TheWendol: we need to hit together
(20:39 / Allies) WNxKhager: whenever ur ready green
(22:23 / Allies) TheWendol: oraNGE AND RED...
(22:30 / Allies) ELIANHERERRA: wut bru game is hard
(23:42 / Allies) WNxKhager: well guys i gtg
(23:50 / Allies) WNxKhager: i got work tommarrow
(24:01 / Allies) WNxKhager: i hope we win
(24:08 / Allies) WNxKhager: but ill
(24:08 / Allies) ELIANHERERRA: fucc u boi
(24:10 / Allies) TheWendol: HOLD ON BLUE, i WILL GIVE YOU EXTRA GOLD
(24:26 / Allies) WNxKhager: control units meantime
(24:34 / Allies) WNxKhager: brb
(27:21 / Allies) ELIANHERERRA: fucc u blu i thot we wuz kool
(27:31 / Allies) WNxKhager: we are
(27:51 / Allies) WNxKhager: but like i said i gtg
(28:48 / Allies) ELIANHERERRA: ty blu
(28:52 / Allies) ELIANHERERRA: a true champion of the people
(29:12 / Allies) WNxKhager: that actully means alot
(29:33 / Allies) MOOGULTHESWAI: OOPS ;D
(29:41 / Allies) WNxKhager: well i hope i see u guys soon
(29:45 / Allies) WNxKhager: night guys
(29:51 / Allies) WNxKhager: i hope we win
(30:04 / Allies) MOOGULTHESWAI: ;D
(36:43 / Allies) ELIANHERERRA: who the fucc do u think u are
(36:50 / Allies) ELIANHERERRA: begone, darkterror
(36:53 / Allies) TheWendol: A TRAPPED FUCKER
(36:54 / Allies) ELIANHERERRA: last warning
(37:30 / Allies) ELIANHERERRA: ty
(37:33 / Allies) ELIANHERERRA: u may live, mr. darkterror
(37:38 / Allies) ELIANHERERRA: live long and prosper
(37:44 / Allies) TheWendol: THANK YOU LOL
(39:20 / Allies) TheWendol: SHOULD i TAUNT THEM
(39:28 / Allies) ELIANHERERRA: u have my permission
(40:25 / Allies) TheWendol: ONLY DICKS PLAY WITH CHEAT ASS HUMANS
(40:37 / All) ELIANHERERRA: zann you have a pure heart
(40:38 / All) ELIANHERERRA: u may live
(41:28 / Allies) TheWendol: TANKS, AUTO CASTING PRIESTS, PALADINS, SELF TELEPORTING WIZARDS, KNIGHTS, TOWER FREEZING BIRDS... LIKE HOW HAVE YOU NOT WON YET
(41:39 / Allies) TheWendol: :)
(43:34 / All) MOOGULTHESWAI: FULLY UPGRADED GIANTS I LIKE YOUR STYLE
(47:10 / Allies) ELIANHERERRA: ty
(49:35 / All) cykerway: wow
(49:36 / All) cykerway: the real
(49:47 / All) ELIANHERERRA: u got me bru
(49:56 / All) ELIANHERERRA: Gogonnash weeps for his fallen comrade
(50:11 / All) ELIANHERERRA: sickly green tears are trickling down his voluptuous beard
(50:17 / All) TheWendol: YOU MAY QUENCH YOUR HEALTH AT MY MOON WELLIST ME LORDS
(50:42 / Allies) MOOGULTHESWAI: THANK YOU SQUIRE
(50:57 / Allies) ELIANHERERRA: well done green
(51:01 / Allies) ELIANHERERRA: keep it up lad
(51:15 / All) TheWendol: I SAYITH THEE TIMES BE HARD ME LORD
(51:32 / All) ELIANHERERRA: 1 gold mine only
(51:37 / All) ELIANHERERRA: to not violate my orders again
(51:41 / All) ELIANHERERRA: or there will be consequences
(51:48 / All) ELIANHERERRA: do not*
(53:13 / All) ELIANHERERRA: what did i say
(53:15 / All) ELIANHERERRA: one gold mine
(53:18 / All) ELIANHERERRA: it belongs to pink
(56:28 / All) cykerway: poor guy
(57:03 / All) TheWendol: Yellow takes the cream and rubs it on himself
(57:19 / All) ELIANHERERRA: tell him green
(57:20 / All) TheWendol: That is what Buffalo Bob told me
(58:38 / All) TheWendol: Rumor has it that Teals paladin where crotchless panties because his troops luv tight holy ass
(63:28 / All) cykerway: not painful
(64:06 / All) TheWendol: you have a major johnson up your ass and you are fine, you must like
(66:05 / Allies) MOOGULTHESWAI: TY GOOD SQUIRE
(66:22 / All) ELIANHERERRA: pink i thought we could trust you
(71:03 / Allies) TheWendol: take his hero out before he comes out lol
(72:27 / Allies) TheWendol: take out that chicken maker
(73:08 / Allies) TheWendol: take out the el chicko maker so he cannot attack your flying gobolas
(73:19 / Allies) MOOGULTHESWAI: lolol
(75:12 / Allies) TheWendol: that chickfalala stand
(75:21 / Allies) TheWendol: :)
(76:09 / Allies) TheWendol: kill his little fucking peon by the hero stand
(76:48 / Allies) TheWendol: yes come and heal at my wells of plenty lol
(76:53 / Allies) ELIANHERERRA: well done
(79:55 / Allies) MOOGULTHESWAI: :O
(81:19 / All) TheWendol: I killith a lizard with thee peons
(83:45 / All) MOOGULTHESWAI: I KNIGHT THEE SIR WENDEL\
(83:53 / All) MOOGULTHESWAI: ER, WENDOL
(84:12 / All) TheWendol: Me so happith, for all those years shoveling sheeat in the knight stable :)
(84:26 / All) ELIANHERERRA: you have earned this, the highest of honors
(84:32 / All) ELIANHERERRA: celebrate with thy wench
(84:42 / All) TheWendol: kill his wisps by the mine, they haveth gonarhia
(85:00 / All) TheWendol: oh they have expired
(88:48 / All) TheWendol: they making the demonic chimaria to shove a tamele into our buildings
(89:19 / All) ELIANHERERRA: a dastardly act
(89:39 / All) TheWendol: you must hurricane Katrina on themeth
(92:13 / All) TheWendol: take out the hero hut